cohdb
Replays
Latest Replays
All Replays
Popular Replays
Top Player Replays
Match Explorer
How It Works
Community
CoH3 Stats
Reddit
Sign in to upload your games and track your stats! →
Sign in with Steam
Match 44391318
Unlisted
Match 44391318
Overview
Messages
Build Orders
End
Vickers Machine Gun Team
Construct Section Command Post
Selects Australian Defense Battlegroup
Selects Australian Light Infantry Section
Australian Light Infantry Section
Australian Light Infantry Section
Australian Light Infantry Section
Construct Section Command Post
Selects 2-pounder Anti-tank Gun Team
Construct Platoon Command Post
STALKER4732
kit.ohume
Devochkin
yylyoo
EL Le Le
Lation_kasler
0
0
Comments
sign in to comment!
No comments posted yet!